 Dungeon Crawl Stone Soup version 0.31.0-2-g5a2aebc5c2 (webtiles) character file.

Game seed: 11126498215126035574

28 groovy9 the Trooper (level 3, -4/33 HPs)
             Began as a Hill Orc Fighter on Jan 21, 2024.
             Slain by Natasha (5 damage)
             ... on level 2 of the Dungeon.
             The game lasted 00:01:19 (529 turns).

groovy9 the Trooper (Hill Orc Fighter)               Turns: 529, Time: 00:01:19

Health: -4/33      AC:  8    Str: 20    XL:     3   Next: 12%
Magic:  3/3        EV:  9    Int:  8    God:
Gold:   62         SH:  4    Dex: 10    Spells: 2/2 levels left

rFire   . . .        a - +0 war axe
rCold   . . .        c - +0 buckler
rNeg    . . .        b - +0 scale mail
rPois   .            (no helmet)
rElec   .            h - +0 cloak
rCorr   .            (no gloves)
SInv    .            (no boots)
Will    .....        (no amulet) Stlth
                     (no ring)
HPRegen 0.25/turn    (no ring)
MPRegen 0.08/turn

%: no passive effects
@: mighty
A: no striking features
a: no special abilities


You were on level 2 of the Dungeon.
You visited 1 branch of the dungeon, and saw 2 of its levels.

You collected 62 gold pieces.

Inventory:

Hand Weapons
 a - a +0 war axe (weapon)
Armour
 b - a +0 scale mail (worn)
 c - a +0 buckler (worn)
 h - a +0 cloak (worn)
Scrolls
 e - a scroll of brand weapon {unknown}
 f - a scroll of vulnerability {unknown}
 j - a scroll of identify {unknown}
 k - a scroll of acquirement {unknown}
 l - a scroll of butterflies {unknown}
Potions
 g - a potion of resistance {unknown}
 i - a potion of heal wounds {unknown}


   Skills:
 + Level 4.0 Fighting
 * Level 3.8 Axes
 + Level 3.6 Armour
 - Level 3.2 Shields


You had 2 spell levels left.
You didn't know any spells.
Your spell library was empty.

Dungeon Overview and Level Annotations

Branches:
Dungeon (1/15)

Altars:

Annotations:
D:2 Natasha


Message History

You hit Natasha.
You feel sick. You block the adder's attack. Natasha casts a spell at you.
The magic dart hits you! The adder bites you but does no damage.
Natasha casts a spell.
You are too injured to fight recklessly!
You are too injured to fight recklessly!
You are too injured to fight recklessly!
You are too injured to fight recklessly!
You are too injured to fight recklessly!
You are too injured to fight recklessly!
You are too injured to fight recklessly!
You feel very mighty all of a sudden.
You feel sick.
You are no longer poisoned.
The adder barely misses you. Natasha claws you.
The cerulean imp hits you from afar with a +1 spear.
You closely miss Natasha.
Natasha is moderately wounded.
You slash the adder!
You kill the adder!
The cerulean imp hits you from afar with a +1 spear.
Natasha claws you!
* * * LOW HITPOINT WARNING * * *
Your Fighting skill increases to level 4!
You have reached level 3!
Your experience leads to an increase in your attributes!
Increase (S)trength, (I)ntelligence, or (D)exterity?
You feel stronger. x2
Okay, then.
You barely miss Natasha.
Natasha is moderately wounded.
Natasha mumbles some strange words.
The cerulean imp hits you but does no damage.
You barely miss Natasha.
Natasha is moderately wounded.
The cerulean imp hits you from afar with a +1 spear.
* * * LOW HITPOINT WARNING * * *
Natasha claws you.
You die...
Natasha begins licking her fur clean.

#.##......#
#.##.###..#####
#.##.#..).....#
#.#.......##### ####
#.#..#.#..# ...#### #.#.
#.#..# ....... #.#
#.#..#### ...#.#. #.#
.#.......###†......
#.#.....###....@h..#.#.
##.#.....#$#......5.....
...#.....###...5......#.
####................###
#.#####........### #...
.....<..###
..###.......#
####..###.......#
..#.....


You could see Natasha and 2 cerulean imps.

Vanquished Creatures
  2 adders (D:2)
  A ribbon worm (D:2)
  An endoplasm (D:2)
  A hobgoblin (D:2)
  2 ball pythons
  A bat (D:1)
  A goblin (D:2)
9 creatures vanquished.

Notes
Turn   | Place    | Note
-------+----------+-------------------------------------------
     0 | D:1      | groovy9 the Hill Orc Fighter began the quest for the Orb.
     0 | D:1      | Reached XP level 1. HP: 19/19 MP: 1/1
   255 | D:1      | You fall into a shaft and drop 1 floor!
   294 | D:2      | Reached XP level 2. HP: 27/27 MP: 2/2
   521 | D:2      | Noticed Natasha
   528 | D:2      | Reached skill level 4 in Fighting
   528 | D:2      | Reached XP level 3. HP: 2/33 MP: 3/3
   529 | D:2      | HP: 1/33 [cerulean imp/+1 spear[Natasha] (2)]
   529 | D:2      | Slain by Natasha

Illustrated notes

Levels and vault maps discovered:
D:1:      lemuel_arrival_cross, layout_basic, hangedman_decor_push,
          minmay_lizard_pond
D:2:      layout_basic, serial_glass, glass_columns_b, glass_columns_b,
          glass_columns_b, glass_columns_a, glass_columns_a, glass_columns_c,
          glass_columns_b, glass_columns_a, item_on_display_a,
          item_on_display_a, serial_shops, shop, roderic_lattice_a,
          minmay_crystal_room, nicolae_grassy_gnolls, uniq_terence, uniq_natasha

Skill      XL: |  1  2 |
---------------+-------+-----
Axes           | 3 |  3.8
Fighting       | 4 |  4.0
Armour         | |  3.6
Shields        | |  3.2

Action                     || total
---------------------------++-------
  Melee: War axe           ||    28
    Use: Potion            ||     1
 Armour: Scale mail        ||    25
  Dodge: Dodged            ||    11
  Block: Buckler           ||    11
